 Dungeon Crawl Stone Soup version 0.31.0-12-g77e489cdc1 (webtiles) character file.

Game seed: 2619995799970655618

37 RancidPinata the Cudgeller (level 3, -4/22 HPs)
             Began as a Gargoyle Gladiator on Feb 23, 2024.
             Slain by a cerulean imp
             ... wielding a +1 spear
             ... summoned by Natasha
              (6 damage)
             ... on level 2 of the Dungeon.
             The game lasted 00:02:24 (925 turns).

RancidPinata the Cudgeller (Gargoyle Gladiator)      Turns: 925, Time: 00:02:25

Health: -4/22      AC:  7    Str: 17    XL:     3   Next: 39%
Magic:  3/3        EV: 12    Int: 10    God:
Gold:   58         SH:  0    Dex: 11    Spells: 2/2 levels left

rFire   . . .        a - +0 flail
rCold   . . .        (no shield)
rNeg    + . .        b - +0 leather armour
rPois   ∞            c - +0 helmet
rElec   +            (no cloak)
rCorr   .            (no gloves)
SInv    .            (no boots)
Will    .....        (no amulet)
Stlth   +            (no ring)
HPRegen 0.23/turn    (no ring)
MPRegen 0.08/turn

%: no passive effects
@: slowed, very slow
A: sickness immunity, AC +3, negative energy resistance 1, electricity
resistance, torment resistance 1, petrification resistance
a: no special abilities


You were on level 2 of the Dungeon.
You visited 1 branch of the dungeon, and saw 2 of its levels.

You collected 58 gold pieces.

Inventory:

Hand Weapons
 a - a +0 flail (weapon)
Missiles
 d - 3 throwing nets (quivered)
 e - a javelin
Armour
 b - a +0 leather armour (worn)
 c - a +0 helmet (worn)
Scrolls
 f - a scroll of teleportation {unknown}


   Skills:
 * Level 2.8 Fighting
 + Level 3.1 Maces & Flails
 + Level 2.0 Throwing
 * Level 1.5 Armour
 + Level 2.5 Dodging
 + Level 0.8 Stealth


You had 2 spell levels left.
You didn't know any spells.
Your spell library was empty.

Dungeon Overview and Level Annotations

Branches:
Dungeon (2/15)

Altars:

Annotations:
D:2 Natasha


Innate Abilities, Weirdness & Mutations

You are immune to sickness and miasma.
Your stone body is resilient. (AC +3)
You are immune to poison.
You resist negative energy. (rN+)
You are resistant to electric shocks. (rElec)
You are resistant to unholy torment.
You are immune to petrification.


Message History

Natasha hisses.
Natasha stares at you and mumbles some strange words.
You feel yourself slow down. Natasha casts a spell at you.
You feel as though you will be slow longer.
Natasha casts a spell.
Natasha hisses.
Natasha claws you!
You closely miss Natasha.
Natasha stares at you and mumbles some strange words.
The magic dart hits you. The cerulean imp closely misses you.
Natasha barely misses you.
The cerulean imp hits you but does no damage.
You sock Natasha!
Natasha is severely wounded.
Natasha stares at you and mumbles some strange words.
You resist with significant effort. The cerulean imp barely misses you.
Natasha closely misses you.
The cerulean imp hits you but does no damage.
You closely miss Natasha.
Natasha is severely wounded.
Natasha barely misses you.
The cerulean imp hits you from afar with a +1 spear.
Natasha claws you!
* * * LOW HITPOINT WARNING * * *
The cerulean imp closely misses you.
You hit Natasha but do no damage.
Natasha is severely wounded.
Natasha casts a spell at you.
You feel as though you will be slow longer.
The cerulean imp hits you but does no damage.
Natasha claws you.
* * * LOW HITPOINT WARNING * * *
The cerulean imp hits you from afar with a +1 spear.
* * * LOW HITPOINT WARNING * * *
You hit Natasha.
Natasha is almost dead.
Natasha closely misses you.
The cerulean imp hits you from afar with a +1 spear.
You die...

##### .....#
......# .).....
.......#########
$........5h@..<#
......########.#
..... #.# .K..
#.# ### #.# #.#
#.# #.# #.#


You could see Natasha and a cerulean imp (summoned).

Vanquished Creatures
  An adder (D:2)
  2 dart slugs (D:1)
  2 ball pythons (D:1)
  An endoplasm (D:1)
  A giant cockroach (D:1)
  3 goblins (D:1)
  4 hobgoblins (D:1)
  A kobold (D:2)
  A quokka (D:1)
  2 bats
  3 frilled lizards (D:1)
  A rat (D:1)
22 creatures vanquished.

Notes
Turn   | Place    | Note
-------+----------+-------------------------------------------
     0 | D:1      | RancidPinata the Gargoyle Gladiator began the quest for the
                  | Orb.
     0 | D:1      | Reached XP level 1. HP: 12/12 MP: 1/1
   288 | D:1      | Reached XP level 2. HP: 17/18 MP: 2/2
   493 | D:1      | Reached skill level 1 in Armour
   757 | D:1      | Reached XP level 3. HP: 22/22 MP: 3/3
   912 | D:2      | Noticed Natasha
   925 | D:2      | Slain by a cerulean imp

Illustrated notes

Levels and vault maps discovered:
D:1:      eino_arrival_water_cross, layout_basic
D:2:      layout_loops_corners, hellmonk_ecumenical_altar_run_dry, uniq_sigmund,
          uniq_jessica, uniq_natasha

Skill      XL: |  1  2 |
---------------+-------+-----
Throwing       | 2 |  2.0
Armour         | 1 |  1.5
Fighting       | |  2.8
Maces & Flails | |  3.1
Dodging        | |  2.5
Stealth        | |  0.8

Action                     || total
---------------------------++-------
  Melee: Flail             ||    99
 Armour: Leather armour    ||    81
  Dodge: Dodged            ||    69
